 Dungeon Crawl Stone Soup version 0.22-a0-480-g991dd4b (webtiles) character file.

13675 namelastname112 the Covert (level 12, -7/64 HPs)
             Began as a Vine Stalker Assassin on June 16, 2018.
             Was an Initiate of Gozag.
             Hit by a silver javelin thrown by a minotaur (16 damage)
             ... in a labyrinth.
             The game lasted 00:22:42 (11106 turns).

namelastname112 the Covert (Vine Stalker Assassin) Turns: 11106, Time: 00:22:42

Health: -7/64      AC:  6    Str: 14 (15) XL:     12   Next: 8%
Magic:  0/14       EV: 18    Int:  6 (7)  God:    Gozag
Gold:   2467       SH: 12    Dex: 21 (23) Spells: 11/11 levels left

rFire    . . .     SeeInvis .   v - +2 dagger (elec)
rCold    . . .     Gourm    .   t - +0 buckler
rNeg     . . .     Faith    .   y - +2 robe
rPois    .         Spirit   +   (no helmet)
rElec    .         Reflect  +   d - +0 cloak
rCorr    .         Harm     .   (no gloves)
MR       ++...                  D - +0 pair of boots
Stlth    +++++.....             q - +6 amulet of reflection
HPRegen  1.00/turn              x - ring of protection from magic
MPRegen  0.14/turn              s - +3 ring of dexterity

@: lethally poisoned (-7 -> -9)
A: fangs 3, blurry vision 1, deterioration 1, dopey 2, high mp 1, regeneration
2, magic shield, antimagic bite, no potion heal 3, rot immunity
a: Potion Petition, Call Merchant, Bribe Branch, Renounce Religion


You were in a labyrinth.
You worshipped Gozag.
Gozag was most pleased with you.
You were not hungry.

You visited 3 branches of the dungeon, and saw 14 of its levels.
You also visited: Labyrinth.

You collected 2580 gold pieces.
You paid 113 gold pieces to Gozag.

Inventory:

Hand Weapons
 b - a +0 blowgun
 v - a +2 dagger of electrocution (weapon)
Missiles
 e - 26 poisoned needles
 f - 2 curare-tipped needles
 E - a throwing net (quivered)
Armour
 d - a +0 cloak (worn)
 t - a +0 buckler (worn)
 y - a +2 robe (worn)
 C - a scarf of resistance
 D - a +0 pair of boots (worn)
Jewellery
 q - a +6 amulet of reflection (around neck)
 s - a +3 ring of dexterity (right hand)
 x - a ring of protection from magic (left hand)
Wands
 h - a wand of iceblast (6)
 z - a wand of acid (4)
 F - a wand of flame (46)
 I - a wand of scattershot (4)
 K - a wand of random effects (20)
Scrolls
 i - 5 scrolls of remove curse
 j - a scroll of magic mapping
 l - 6 scrolls of identify
 o - 2 scrolls of amnesia
 r - 4 scrolls of fog
 w - a scroll of blinking
 A - 2 scrolls of fear
 G - a scroll of summoning {unknown}
 H - 2 scrolls of enchant weapon
Potions
 a - a potion of flight
 c - 3 potions of magic
 k - 2 potions of agility
 m - 6 potions of curing
 n - 4 potions of might
 p - 2 potions of brilliance
 u - 4 potions of lignification
 B - a potion of haste
 L - 2 potions of invisibility {unknown}
Comestibles
 g - 25 rations


   Skills:
 + Level 7.9 Fighting
 + Level 7.9 Short Blades
 + Level 7.9 Throwing
 + Level 7.1 Dodging
 + Level 11.7 Stealth
 + Level 3.6 Shields


You had 11 spell levels left.
You didn't know any spells.
Your spell library contained the following spells:

 Spells                   Type           Power        Failure   Level  Hunger
 Magic Dart               Conj           #...         45%         1    ##.....
 Conjure Flame            Conj/Fire      #.......     83%         3    ####...
 Bolt of Cold             Conj/Ice       #.........   100%        6    #######
 Slow                     Hex            #.......     61%         2    ###....
 Mephitic Cloud           Conj/Pois/Air  #.......     83%         3    ####...
 Summon Small Mammal      Summ           #...         45%         1    ##.....
 Blink                    Tloc           N/A          61%         2    ###....
 Iskenderun's Mystic Bla  Conj           #.......     99%         4    #####..
 Summon Ice Beast         Ice/Summ       #.......     99%         4    #####..
 Call Imp                 Summ           #.......     61%         2    ###....
 Call Canine Familiar     Summ           #.......     83%         3    ####...
 Metabolic Englaciation   Hex/Ice        #.........   100%        5    ######.
 Fulminant Prism          Conj/Hex       #.........   99%         4    #####..
 Dazzling Spray           Conj/Hex       #.....       83%         3    ####...
 Force Lance              Conj/Tloc      #.......     99%         4    #####..
 Infusion                 Chrm           #...         45%         1    ##.....
 Song of Slaying          Chrm           #.......     61%         2    ###....
 Searing Ray              Conj           #.....       61%         2    ###....
 Summon Lightning Spire   Summ/Air       #.......     99%         4    #####..
 Summon Guardian Golem    Hex/Summ       #.......     83%         3    ####...


Dungeon Overview and Level Annotations

Branches:
Dungeon (12/15)            Temple (1/1) D:4            Lair (1/6) D:10
    Orc (0/2) D:10

Altars:
Ashenzari
Cheibriados
Dithmenos
Elyvilon
Fedhas
Gozag
Hepliaklqana
Kikubaaqudgha
Makhleb
Nemelex Xobeh
Okawaru
Qazlal
Ru
Trog
Uskayaw
Vehumet
Wu Jian
Xom
Yredelemnul
The Shining One

Shops:
D:4 }   D:5 ((   D:6 *   D:7 *   D:12 [

Annotations:
D:7 4 runed doors
D:12 Rupert


Innate Abilities, Weirdness & Mutations

You have razor-sharp teeth.
You heal very quickly.
When hurt, damage is shared between your health and your magic reserves.
Your bite disrupts and absorbs the magic of your enemies.
Potions cannot restore your health.
You are immune to rotting.
Scrolls take you a little longer to read.
Your body sometimes deteriorates upon taking damage.
You are very dopey. (Int -4)
You have an increased reservoir of magic. (+10% MP)


Message History

You take 12 damage, and have 40/64 hp.
You now have 9/14 mp.
You feel sick.
The minotaur throws a silver javelin.
The silver javelin hits you! The silver sears you!
You see here a silver javelin.
You take 8 damage, and have 32/64 hp.
You now have 6/14 mp.
You feel sick.
The minotaur throws a silver javelin.
The silver javelin hits you!!
* * * LOW HITPOINT WARNING * * *
The silver sears you!
* * * LOW HITPOINT WARNING * * *
You see here a silver javelin.
You take 22 damage, and have 10/64 hp.
MASSIVE DAMAGE!!
You now have 2/14 mp.
You feel sick.
The minotaur throws a silver javelin.
The silver javelin closely misses you.
You see here a silver javelin.
You take 1 damage, and have 9/64 hp.
You feel sick.
The minotaur throws a silver javelin.
The silver javelin hits you!!
You die...
Your body crumbles into a pile of gold.

. .#. . ... . ..
.. . . ... ....
.#
...#############.
# .
#<.H........#. #
..
.####.########. .
.#....(....# # #
. #####(#####.# #
.#. .#(#.....# ##
.. # #.#@#.# ##.
# # #...#.#...# .
# # #.#.#.#. . #
.. .# #.#.#.# #.
. . #. # #.###.#
#.#... # .# #.
... .#.# . . .#
### #####. .# # #
.. ... .. .. ## .
#. . #.# .


You could see a minotaur.

Vanquished Creatures
  Josephine (D:11)
  Fannar (D:10)
  A two-headed ogre (D:9)
  Pikel (D:7)
  2 ugly things
  A troll (D:12)
  A hornet (D:12)
  2 hippogriffs
  A shadow (D:12)
  The ghost of namelastname112 the Sneak, an amateur VSAs (D:4)
  5 wraiths (D:11)
  A wyvern (D:9)
  6 yaks
  2 hungry ghosts (D:10)
  Menkaure (D:4)
  A water moccasin (D:9)
  2 soldier ants (D:11)
  A porcupine (D:10)
  5 orc warriors
  2 black bears
  An ice beast (D:11)
  A sky beast (D:7)
  5 ogres
  7 centaurs
  2 phantoms
  4 crocodiles
  Blork the orc (D:4)
  3 big kobolds
  5 bullfrogs
  A wyvern skeleton (D:11)
  9 scorpions
  A troll zombie (D:10)
  13 killer bees
  4 howler monkeys
  9 wights (D:10)
  7 crimson imps
  4 centaur zombies
  2 bullfrog zombies
  6 hounds
  A jelly (D:5)
  6 orc priests
  A bullfrog skeleton (D:6)
  6 orc wizards
  An iron imp (D:7)
  4 iguanas
  6 worker ants
  7 ogre zombies (D:10)
  A hound zombie (D:8)
  2 hound skeletons
  A howler monkey zombie (D:10)
  2 worker ant zombies
  14 gnolls
  A howler monkey skeleton (D:8)
  9 adders
  2 shadow imps (D:6)
  3 oozes
  An adder skeleton (D:7)
  4 worms
  7 dart slugs
  4 leopard geckos
  29 orcs
  9 bats
  A bat zombie (D:2)
  2 giant cockroaches
  11 goblins
  4 hobgoblins
  3 jackals (D:3)
  22 kobolds
  5 quokkas
  4 ball pythons
  7 frilled lizards
  A giant cockroach zombie (D:6)
  A goblin skeleton (D:10)
  3 goblin zombies (D:10)
  2 hobgoblin zombies (D:10)
  4 orc skeletons (D:10)
  15 orc zombies
  2 quokka zombies
  7 rats
  4 rat zombies (D:2)
342 creatures vanquished.

Vanquished Creatures (others)
  A crimson imp (D:8)
  2 orc priests (D:8)
  An orc wizard (D:8)
  3 orcs
  A kobold (D:11)
  2 fungi (D:10)
10 creatures vanquished.

Grand Total: 352 creatures vanquished

Notes
Turn   | Place    | Note
-------+----------+-------------------------------------------
     0 | D:1      | namelastname112 the Vine Stalker Assassin began the quest for the Orb.
     0 | D:1      | Reached XP level 1. HP: 11/11 MP: 2/2
    49 | D:1      | Reached skill level 1 in Dodging
    49 | D:1      | Reached XP level 2. HP: 12/15 MP: 1/3
    55 | D:1      | Reached skill level 5 in Stealth
   151 | D:1      | Reached XP level 3. HP: 15/18 MP: 4/4
   590 | D:2      | Found a bloodstained altar of Trog.
   903 | D:2      | Gained mutation: Your natural rate of healing is unusually fast. [Vine Stalker growth]
   903 | D:2      | Reached XP level 4. HP: 23/23 MP: 5/5
  1248 | D:2      | Found an ancient bone altar of Kikubaaqudgha.
  1295 | D:2      | Found a faded altar of an unknown god.
  1363 | D:2      | Reached XP level 5. HP: 27/27 MP: 6/6
  1992 | D:3      | Found a glowing golden altar of the Shining One.
  2051 | D:4      | Found Mockooni's Gadget Emporium.
  2099 | D:4      | Noticed Menkaure
  2106 | D:4      | Killed Menkaure
  2106 | D:4      | Reached skill level 6 in Stealth
  2106 | D:4      | Reached XP level 6. HP: 32/32 MP: 7/7
  2196 | D:4      | Found a shadowy altar of Dithmenos.
  2353 | D:4      | Noticed Blork the orc
  2386 | D:4      | Killed Blork the orc
  2516 | D:4      | Reached XP level 7. HP: 31/36 MP: 6/8
  2609 | D:4      | Found a staircase to the Ecumenical Temple.
  2702 | D:4      | Noticed namelastname112's ghost (amateur VSAs)
  2715 | D:4      | Killed namelastname112's ghost
  3190 | D:4      | Reached skill level 7 in Stealth
  3213 | D:4      | Gained mutation: You have razor-sharp teeth. [Vine Stalker growth]
  3213 | D:4      | Reached XP level 8. HP: 29/42 MP: 9/9
  3246 | D:5      | Entered Level 5 of the Dungeon
  3246 | D:5      | Found Ypygozyw's Weapon Shop.
  3257 | D:5      | Found a blossoming altar of Fedhas.
  3381 | D:5      | Found a burning altar of Makhleb.
  3407 | Temple   | Entered the Ecumenical Temple
  3419 | Temple   | Became a worshipper of Gozag Ym Sagoz the Greedy
  3553 | D:5      | Found an iron altar of Okawaru.
  3567 | D:5      | Found Fegut's Antique Weapon Shop.
  3831 | D:6      | Found an opulent altar of Gozag.
  3838 | D:6      | Found Gozag's Platinum Reserve.
  3897 | D:6      | Found a basalt altar of Yredelemnul.
  4242 | D:6      | Reached skill level 8 in Stealth
  4746 | D:7      | Reached XP level 9. HP: 44/46 MP: 10/10
  4904 | D:7      | Reached skill level 5 in Fighting
  4904 | D:7      | Reached skill level 5 in Short Blades
  4919 | D:7      | Reached skill level 5 in Throwing
  4998 | D:7      | Found a snail-covered altar of Cheibriados.
  4999 | D:7      | Noticed a polar bear
  4999 | D:7      | Noticed a manticore
  4999 | D:7      | Noticed a manticore
  5000 | D:7      | Noticed a death yak
  5000 | D:7      | Found a huge runed gate.
  5000 | D:7      | Found a huge runed gate.
  5010 | D:7      | Found a huge runed gate.
  5010 | D:7      | Noticed a death yak
  5010 | D:7      | Noticed a manticore
  5011 | D:7      | Found a huge runed gate.
  5011 | D:7      | Noticed a polar bear
  5139 | D:8      | Noticed Pikel
  5180 | D:7      | Killed Pikel
  5304 | D:7      | Reached skill level 9 in Stealth
  5436 | D:7      | Found Lodgheto's General Store.
  5965 | D:8      | Reached skill level 5 in Dodging
  6108 | D:8      | Reached XP level 10. HP: 53/53 MP: 11/11
  6116 | D:8      | Found a sparkling altar of Nemelex Xobeh.
  6234 | D:8      | Found a sacrificial altar of Ru.
  6536 | D:8      | Found a shattered altar of Ashenzari.
  6852 | D:9      | Reached skill level 10 in Stealth
  6884 | D:9      | Found a radiant altar of Vehumet.
  7016 | D:9      | Noticed a purple ugly thing
  7019 | D:9      | Noticed a two-headed ogre
  7046 | D:9      | Killed a purple ugly thing
  7101 | D:9      | Killed a two-headed ogre
  7366 | D:9      | Reached XP level 11. HP: 58/58 MP: 12/12
  7440 | D:9      | Found an opulent altar of Gozag.
  7904 | D:10     | Entered Level 10 of the Dungeon
  7917 | D:10     | Noticed Fannar
  7924 | D:9      | Reached skill level 1 in Shields
  8007 | D:10     | Killed Fannar
  8037 | D:10     | Found a staircase to the Orcish Mines.
  8144 | D:10     | Reached skill level 11 in Stealth
  8460 | D:10     | Found a staircase to the Lair.
  8807 | D:10     | Gained mutation: Your body sometimes deteriorates upon taking damage. [potion of mutation]
  8807 | D:10     | Gained mutation: Your body often deteriorates upon taking damage. [potion of mutation]
  8807 | D:10     | Gained mutation: You are partially covered in thin metallic scales. (AC +2) [potion of mutation]
  8807 | D:10     | Gained mutation: You are resistant to hostile enchantments. (MR+) [potion of mutation]
  8808 | D:10     | Lost mutation: You are resistant to hostile enchantments. (MR+) [potion of mutation]
  8808 | D:10     | Lost mutation: Your body often deteriorates upon taking damage. [potion of mutation]
  8808 | D:10     | Lost mutation: You are partially covered in thin metallic scales. (AC +2) [potion of mutation]
  8808 | D:10     | Gained mutation: You are dopey. (Int -2) [potion of mutation]
  8808 | D:10     | Gained mutation: You are very dopey. (Int -4) [potion of mutation]
  8808 | D:10     | Gained mutation: Scrolls take you a little longer to read. [potion of mutation]
  8808 | D:10     | Gained mutation: You have an increased reservoir of magic. (+10% MP) [potion of mutation]
  8957 | D:11     | Found a sacrificial altar of Ru.
  9049 | D:11     | Noticed Josephine
  9201 | D:11     | Killed Josephine
  9275 | D:11     | Identified the Volume of the Frostbite and Good Luck
  9957 | D:12     | Noticed a white ugly thing
 10042 | D:12     | Killed a white ugly thing
 10116 | D:12     | Gained mutation: You heal very quickly. [Vine Stalker growth]
 10116 | D:12     | Reached XP level 12. HP: 64/64 MP: 14/14
 10241 | D:12     | Found Ykokh's Armour Shoppe.
 10276 | D:12     | Noticed Rupert
 10373 | Lair:1   | Entered Level 1 of the Lair of Beasts
 10399 | Lair:1   | Found a labyrinth entrance.
 10408 | Lab      | Entered a labyrinth
 10739 | Lab      | epen: !banned namelastname112
 10895 | Lab      | epen: ??epen
 10899 | Lab      | beem: epen ~ spen ~ hyperbolic[1/4]: My 0.20 SpEn guide: SKILLS: Approximate goals are as follows: 1) 5 Short Blades, 8 Stealth. 2) 4 Spellcasting, 8 Hexes. 3) 3 Fighting, 8 Dodging. 4) 8 Short Blades, 12 Stealth. 5) 6 Fighting/Spellcasting, 10 Short Blades/Hexes, 15 Dodging/Stealth. 6) 10 Fighting, 27 Stealth, and whatever spell skills you want.
 10966 | Lab      | namelastname112: ?/ namelastname112
 10966 | Lab      | beem: Matching terms (1): namelastname112; entries (8): door_vault[5]
                  | dr_quality[1]
                  | kobold[3]
                  | namelastname112[1]
                  | NotKat[6]
                  | Sigmund_x_Edmund[1]
                  | uskayaw_reasons[2]
                  | uskayaw_reasons[3]
 10992 | Lab      | epen: ?/ epen
 10992 | Lab      | beem: Matching terms (1): !help:!armourdodgepenalty; entries (73): !help:!armourdodgepenalty[1]
                  | alchemist_card[1]
                  | amalloy_todo[11]
                  | amulet_of_rage[1]
                  | apportation[1]
                  | ashenzari_skill_boost[1]
                  | borgnjor's_revivification[1]
                  | call_canine_familiar[1]
                  | chunk[1]
                  | cloud_card[1]
                  | constriction[3]
                  | constriction[5]
                  | cyborg[1]
                  | damnation[3]
                  | deck[1]
                  | dream_sheep[2]
                  | ensorcelled_hibernation[2]
                  | e...
 10992 | Lab      | namelastname112: ??cyborg [1
 10992 | Lab      | beem: cyborg[1/1]: A human robot hybrid. Either a human with a really advanced options file, or a bot that needs a lot of handholding, depending on how you look at it.
 10992 | Lab      | namelastname112: ??dream sheep
 10992 | Lab      | beem: dream sheep[1/3]: Magical sheep that will put you to sleep when gathered in large herds. Once were sheep in 0.18 and earlier.
 10992 | Lab      | namelastname112: ??dream sheep [2
 10992 | Lab      | beem: dream sheep[2/3]: Dream dust checks Clarity, but it does not check MR. The strength of the dust effect depends on how many dream sheep are visible to the player.
 10992 | Lab      | namelastname112: ?/ namelastname112
 10992 | Lab      | beem: Matching terms (1): namelastname112; entries (8): door_vault[5]
                  | dr_quality[1]
                  | kobold[3]
                  | namelastname112[1]
                  | NotKat[6]
                  | Sigmund_x_Edmund[1]
                  | uskayaw_reasons[2]
                  | uskayaw_reasons[3]
 10992 | Lab      | namelastname112: ?? door vault [5
 10992 | Lab      | beem: door vault[5/5]: ooooh why did i opened that thing made of doors
 10992 | Lab      | epen: ?? kobold
 10992 | Lab      | beem: kobold[1/3]: While the true nature of the Kobold remains a mystery, some ancient texts have described it as "a sort of brown moth".
 10992 | Lab      | namelastname112: ?? kobold [3
 10992 | Lab      | beem: kobold[3/3]: http://puu.sh/o5WpK/7016124325.jpg
 10992 | Lab      | namelastname112: ?? sigmund x edmund
 10992 | Lab      | beem: Sigmund x Edmund[1/1]: Sigmund and Edmund come into view. together at last
 10992 | Lab      | namelastname112: ?? uskayaw reasons [2
 10992 | Lab      | beem: uskayaw reasons[2/3]: reasons The balrug is hit by a flying piece of Cerebov!
 10992 | Lab      | namelastname112: ?? uskayaw reasons [3
 10992 | Lab      | beem: uskayaw reasons[3/3]: !lm namelastname112 dras uka uniq=antaeus -tv
 11096 | Lab      | Noticed a minotaur
 11106 | Lab      | Hit by a silver javelin thrown by a minotaur

Vault maps used:
D:1:      dpeg_arrival_round_c
D:2:      bloody_trog, lemuel_zombie_altar_kikubaaqudgha,
          chequers_ecumenical_altar_simple
D:3:      tso_altar
D:4:      kennysheep_six_static_rooms, nicolae_dithmenos_shadow_blocks,
          minmay_temple_entry_from_below_a, serial_shops, shop, uniq_menkaure,
          uniq_blork_the_orc
D:5:      kennysheep_little_box, fedhas_bush_and_centaur_altar,
          overflow_temple_1_default, first_ration, serial_shops, shop, shop,
          kennysheep_dice
D:6:      lemuel_round_altar, nicolae_gozag_zags_fifth_avenue
D:7:      lemuel_bear_cage, slow_altar_1, serial_shops, shop
D:8:      marbit_many_paths, lemuel_round_altar, evilmike_ruin_ashenzari,
          uniq_pikel
D:9:      vehumet_altar_wand_db, basic_altar
D:10:     grunt_lair_entry_orc_guard_hut, zombieorc2_lemuel, uniq_fannar
D:11:     basic_altar, hangedman_pestilent_swarm, uniq_josephine
D:12:     serial_shops, shop, hangedman_abyss_or_decor_passed, uniq_urug,
          uniq_erolcha, uniq_rupert
Temple:   dpeg_three_leaves_temple
Lair:1:   lab_entry_generic, minmay_lair_oklob_chamber
Lab:      labyrinth_mini_lab, nicolae_lab_checkerboard, nicolae_lab_x

Skill      XL: |  1  2  3  4  5  6  7  8  9 10 11 |
---------------+----------------------------------+-----
Dodging        | 1 2 3 4 5 6 7 |  7.1
Fighting       | 2 3 4 5 6 7 |  7.9
Stealth        | 5 6 7 8 9 10 11 | 11.7
Short Blades   | 2 3 4 5 6 7 |  7.9
Throwing       | 2 3 4 5 6 7 |  7.9
Shields        | 3 |  3.6

Action                   |  1- 3 |  4- 6 |  7- 9 | 10-12 || total
-------------------------+-------+-------+-------+-------++-------
Melee: Dagger            |    79 |   203 |   306 |   680 ||  1268
       Bite              |    16 |    54 |    86 |   261 ||   417
 Fire: Blowgun           |       |       |     5 |     9 ||    14
Invok: Potion Petition   |       |       |       |     1 ||     1
Evoke: Wand              |       |       |       |     2 ||     2
       Sack of spiders   |       |       |       |     2 ||     2
  Use: Scroll            |       |       |    19 |     7 ||    26
       Potion            |       |       |       |     2 ||     2
 Stab: Sleeping          |    10 |     7 |    11 |    13 ||    41
       Distracted        |       |       |     4 |     6 ||    10
  Eat: Chunk             |       |     4 |       |       ||     4
       Ration            |       |     1 |     3 |     6 ||    10
Armor: Robe              |    12 |    40 |    36 |    37 ||   125
Dodge: Dodged            |    38 |   104 |   138 |   273 ||   553
Block: Other             |       |    34 |    67 |    41 ||   142
       Reflection        |       |       |     1 |     8 ||     9
       Buckler           |       |       |       |   186 ||   186

Table legend:
 A = Spawn XP
 B = Non-spawn XP
 C = Spawn XP percentage of total XP
 D = Spawn monster count
 E = Non-spawn monster count
 F = Spawn count percentage of total count
 G = Total turns spent on level
                    A         B        C        D         E        F      G
               +---------+---------+-------+---------+---------+-------+---------
         Total |       0 |   19536 |   0.0 |       0 |     343 |   0.0 | 11106
               +---------+---------+-------+---------+---------+-------+---------
           D:1 |       0 |      49 |   0.0 |       0 |      22 |   0.0 |   508
           D:2 |       0 |     116 |   0.0 |       0 |      35 |   0.0 |   885
           D:3 |       0 |      91 |   0.0 |       0 |      27 |   0.0 |   658
           D:4 |       0 |     981 |   0.0 |       0 |      17 |   0.0 |  1209
           D:5 |       0 |     303 |   0.0 |       0 |       9 |   0.0 |   466
           D:6 |       0 |     782 |   0.0 |       0 |      19 |   0.0 |   964
           D:7 |       0 |    1758 |   0.0 |       0 |      35 |   0.0 |  1061
           D:8 |       0 |    1149 |   0.0 |       0 |      21 |   0.0 |   889
           D:9 |       0 |    4432 |   0.0 |       0 |      40 |   0.0 |  1268
          D:10 |       0 |    3986 |   0.0 |       0 |      64 |   0.0 |   884
          D:11 |       0 |    3924 |   0.0 |       0 |      39 |   0.0 |  1148
          D:12 |       0 |    1864 |   0.0 |       0 |      14 |   0.0 |   384
        Lair:1 |       0 |     101 |   0.0 |       0 |       1 |   0.0 |    35
               +---------+---------+-------+---------+---------+-------+---------
